 Dungeon Crawl Stone Soup version 0.30-a0-585-g93115170b9 (webtiles) character file.

Game seed: 16981080325405554690

2039 bmack86 the Cleaver (level 9, 0/78 HPs)
             Began as a Minotaur Fighter on Jan 3, 2023.
             Slain by a water moccasin (6 damage)
             ... on level 6 of the Dungeon.
             The game lasted 00:14:24 (6286 turns).

bmack86 the Cleaver (Minotaur Fighter)              Turns: 6286, Time: 00:14:25

Health: 0/78       AC: 13    Str: 30    XL:     9   Next: 4%
Magic:  8/8        EV:  8    Int:  5    God:
Gold:   316        SH:  5    Dex: 11    Spells: 8/8 levels left

rFire   . . .      SeeInvis .    a - +0 war axe
rCold   . . .      Faith    .    c - +0 buckler
rNeg    . . .      Spirit   .    B - +0 chain mail
rPois   .          Reflect  .    (helmet restricted)
rElec   .          Harm     .    i - +0 cloak
rCorr   .          Rampage  .    C - +0 pair of gloves
Will    .....                    (no boots) Stlth
                                 (no amulet)
HPRegen 0.33/turn                s - +6 ring of strength
MPRegen 0.11/turn                (no ring)

@: lethally poisoned (0 -> -16)
A: horns 2, retaliatory headbutt
a: no special abilities


You were on level 6 of the Dungeon.
You visited 1 branch of the dungeon, and saw 6 of its levels.
You also visited: Sewer.

You collected 374 gold pieces.
You spent 58 gold pieces at shops.

Inventory:

Hand Weapons
 a - a +0 war axe (weapon)
Missiles
 f - 8 poisoned darts (quivered)
Armour
 c - a +0 buckler (worn)
 i - a +0 cloak (worn)
 B - a +0 chain mail (worn)
 C - a +0 pair of gloves (worn)
Jewellery
 s - a +6 ring of strength (left hand)
 E - an amulet of faith
Wands
 b - a wand of mindburst (13)
 r - a wand of paralysis (8)
 y - a wand of iceblast (6)
Scrolls
 g - a scroll of magic mapping
 o - a scroll of enchant armour {unknown}
 q - 2 scrolls of fear
 u - 2 scrolls of summoning {unknown}
 v - 2 scrolls of blinking
 w - a scroll of immolation {unknown}
 x - a scroll of vulnerability {unknown}
 z - a scroll of silence {unknown}
 D - a scroll of teleportation
 F - a scroll of noise {unknown}
Potions
 d - 3 potions of might
 e - a potion of flight
 h - 3 potions of lignification
 j - a potion of attraction {unknown}
 k - a potion of degeneration {unknown}
 l - 3 potions of curing
 m - 7 potions of heal wounds
 n - 2 potions of brilliance
 p - 4 potions of cancellation
 t - a potion of ambrosia
 A - a potion of mutation {unknown}


   Skills:
 + Level 6.7 Fighting
 * Level 8.6 Axes
 + Level 4.6 Throwing
 + Level 6.8 Armour
 + Level 6.8 Shields


You had 8 spell levels left.
You didn't know any spells.
Your spell library was empty.

Dungeon Overview and Level Annotations

Branches:
Dungeon (6/15)              Sewer (visited)
 Temple: D:4-7

Altars:
Cheibriados
Gozag
Sif Muna
Vehumet

Shops:
D:4 (*   D:5 [


Innate Abilities, Weirdness & Mutations

You have a pair of horns on your head.
You reflexively headbutt those who attack you in melee.


Message History

You barely miss the white imp. You closely miss the water moccasin.
You feel very sick. The water moccasin bites you!
The white imp hits you but does no damage.
You block the water moccasin's attack. The water moccasin barely misses you.
You barely miss the water moccasin.
The water moccasin is heavily wounded.
You slash the water moccasin! You barely miss the white imp.
You feel very sick. You block the water moccasin's attack.
The white imp closely misses you. You furiously retaliate!
You headbutt the white imp!
You kill the white imp!
The water moccasin bites you but does no damage. x2
You miss the water moccasin.
The water moccasin is heavily wounded.
You closely miss the water moccasin.
You feel very sick.
The water moccasin bites you but does no damage.
The water moccasin barely misses you. You furiously retaliate!
You headbutt the water moccasin.
The water moccasin bites you but does no damage.
You miss the water moccasin.
The water moccasin is severely wounded.
You miss the water moccasin.
You feel very sick. The water moccasin barely misses you.
You furiously retaliate!
You headbutt the water moccasin. The water moccasin bites you.
* * * LOW HITPOINT WARNING * * *
The water moccasin bites you but does no damage.
You hit the water moccasin.
Your headbutt misses the water moccasin.
The water moccasin is almost dead.
You barely miss the water moccasin.
You feel very sick. The water moccasin bites you.
* * * LOW HITPOINT WARNING * * *
You are more poisoned.
The water moccasin poisons you!
You block the water moccasin's attack. x2
The water moccasin bites you.
You die...

...#####.##################......
..<.........#### ######..#
.........#......### ##...##...
..###.............######.........
..####..###...#.#................
........##..###..#####........<..
......#.......##.## ##..........
..........# #..#..######.........
.......#### #..@.......#...##...
.......# #.SS.......#..>.####
........ ##.........#....# #
........ #.........#...># #
........ #.........#....# #
........ ...............####
.._..... #..................
........ #.....)...#)#######
......#.# .........# #


You could see 2 water moccasins.

Vanquished Creatures
  The ghost of drugrobin the Slasher, an amateur DgDe (D:4)
  Grinder (D:3)
  A black bear (D:4)
  3 ogres
  Blork the orc (D:4)
  A kobold brigand (Sewer)
  A necrophage (D:4)
  2 scorpions
  A gnoll sergeant (D:6)
  A howler monkey (D:5)
  A hound (D:6)
  2 jellies (D:6)
  2 gnoll boudas (D:5)
  Jessica (D:2)
  Crazy Yiuf (D:2)
  2 iguanas
  Ijyb (D:3)
  Natasha (thrice) (D:2)
  2 orc wizards
  Terence (D:2)
  Robin (D:3)
  17 adders
  10 gnolls
  5 river rats (Sewer)
  A white imp (D:6)
  An ufetubus (D:5)
  4 worms
  5 dart slugs
  11 orcs
  10 ball pythons
  5 endoplasms
  5 giant cockroaches
  14 goblins
  13 hobgoblins
  5 jackals
  6 quokkas
  9 bats
  5 frilled lizards
  6 kobolds
  16 rats
178 creatures vanquished.

Vanquished Creatures (others)
  21 plants (Sewer)
21 creatures vanquished.

Grand Total: 199 creatures vanquished

Notes
Turn   | Place    | Note
-------+----------+-------------------------------------------
     0 | D:1      | bmack86 the Minotaur Fighter began the quest for the Orb.
     0 | D:1      | Reached XP level 1. HP: 19/19 MP: 0/0
   112 | D:1      | Reached XP level 2. HP: 26/27 MP: 1/1
   146 | D:1      | Reached skill level 3 in Axes
   156 | D:1      | Reached XP level 3. HP: 33/33 MP: 2/2
   293 | D:1      | Reached skill level 1 in Throwing
   572 | D:2      | Noticed Jessica
   572 | D:2      | Noticed Terence
   580 | D:2      | Killed Jessica
   581 | D:2      | Reached XP level 4. HP: 40/40 MP: 3/3
   593 | D:2      | Killed Terence
   611 | D:2      | Found a faded altar of an unknown god.
   749 | D:2      | Noticed Natasha
   756 | D:2      | Killed Natasha
   757 | D:2      | Reached skill level 4 in Axes
   757 | D:2      | Reached XP level 5. HP: 31/46 MP: 4/4
  1001 | D:2      | Noticed Natasha
  1010 | D:2      | Killed Natasha
  1071 | D:2      | Found a runed translucent door.
  1072 | D:2      | Noticed Crazy Yiuf
  1091 | D:2      | Noticed Natasha
  1103 | D:2      | Killed Natasha
  1235 | D:2      | Identified the +2 dagger "Jielopruuwu" {venom, rCorr}
  1482 | D:2      | Killed Crazy Yiuf
  1618 | D:3      | Reached XP level 6. HP: 40/53 MP: 5/5
  1687 | D:3      | Noticed Robin
  1700 | D:3      | Killed Robin
  2002 | D:3      | Found a radiant altar of Vehumet.
  2061 | D:3      | Noticed Ijyb
  2070 | D:3      | Paralysed by Ijyb for 2 turns
  2072 | D:3      | Killed Ijyb
  2073 | D:3      | Reached skill level 5 in Axes
  2208 | D:3      | Noticed Grinder
  2208 | D:3      | Paralysed by Grinder for 2 turns
  2211 | D:3      | Paralysed by Grinder for 4 turns
  2242 | D:3      | Killed Grinder
  2243 | D:3      | Reached skill level 5 in Fighting
  2243 | D:3      | Reached skill level 5 in Armour
  2243 | D:3      | Reached skill level 5 in Shields
  2243 | D:3      | Reached XP level 7. HP: 59/61 MP: 6/6
  2727 | D:4      | Found a glowing drain.
  2732 | Sewer    | Entered a sewer
  3013 | Sewer    | Reached skill level 6 in Axes
  3552 | D:4      | Found Nopoitim's Needful Niceties.
  3825 | D:4      | Found Plog's Weapon Boutique.
  3889 | D:4      | Noticed Blork the orc
  3901 | D:4      | Killed Blork the orc
  3902 | D:4      | Reached XP level 8. HP: 12/70 MP: 7/7
  4149 | D:4      | Found a large runed translucent door.
  4149 | D:4      | Found a large runed translucent door.
  4153 | D:4      | Noticed drugrobin's ghost (amateur DgDe)
  4271 | D:4      | Found a snail-covered altar of Cheibriados.
  4393 | D:4      | Reached skill level 7 in Axes
  4686 | D:4      | Killed drugrobin's ghost
  4755 | D:5      | Entered Level 5 of the Dungeon
  5312 | D:5      | Found Tateziu's Armour Shoppe.
  5315 | D:5      | Bought a +0 pair of gloves for 58 gold pieces
  5511 | D:5      | Reached skill level 8 in Axes
  6062 | D:6      | Reached XP level 9. HP: 54/78 MP: 8/8
  6149 | D:6      | Found a shimmering blue altar of Sif Muna.
  6149 | D:6      | Found an opulent altar of Gozag.
  6286 | D:6      | Slain by a water moccasin

Illustrated notes

Levels and vault maps discovered:
D:1:      minmay_arrival_jagged, layout_rooms
D:2:      layout_basic, hellmonk_ecumenical_altar_arch_garden, uniq_jessica,
          uniq_crazy_yiuf_cottage, uniq_terence, uniq_natasha
D:3:      layout_basic, nicolae_vehumet_altar_sigil, serial_park_tiny_2,
          uniq_ijyb, uniq_grinder, uniq_robin
D:4:      layout_gridville, pf_just_have_faith, ebering_ghost_disaster_area,
          serial_shops, nicolae_shop_bloodbath_and_beyond, gup_sewer_entry_bowl,
          nicolae_alphabet_shops, uniq_blork_the_orc
D:5:      layout_basic, serial_shops, kennysheep_mini
D:6:      layout_rooms, minitemple, grunt_temple_overflow_open,
          minmay_temple_entry_nine_rooms

Skill      XL: |  1  2  3  4  5  6  7  8 |
---------------+-------------------------+-----
Axes           | 3 4 5 6 8 |  8.6
Shields        | 4 5 6 |  6.8
Armour         | 4 5 6 |  6.8
Fighting       | 4 5 6 |  6.7
Throwing       | 1 2 3 4 |  4.6

Action                   |  1- 3 |  4- 6 |  7- 9 || total
-------------------------+-------+-------+-------++-------
Melee: War axe           |    60 |   113 |   252 ||   425
       Headbutt          |     8 |    10 |    41 ||    59
  Use: Scroll            |     3 |     2 |     9 ||    14
       Potion            |       |       |     1 ||     1
Armor: Scale mail        |    51 |    66 |    64 ||   181
       Chain mail        |       |       |    78 ||    78
Dodge: Dodged            |    43 |    57 |   110 ||   210
Block: Buckler           |    25 |    30 |    62 ||   117

Table legend: (Time is in decaauts)
 A = Elapsed time spent in this place.
 B = Non-inter-level travel time spent in this place.
 C = Inter-level travel time spent in this place.
 D = Time resting spent in this place.
 E = Time spent auto-exploring this place.
 F = Levels seen in this place.
 G = Mean time per level.
                   A        B        C        D        E       F      G
               +--------+--------+--------+--------+--------+-----+--------+
         Total |   6569 |   6420 |    149 |    474 |   4093 |   7 |  938.4 |
       Dungeon |   5688 |   5539 |    149 |    474 |   3624 |   6 |  948.0 |
         Sewer |    881 |    881 |      0 |      0 |    469 |   1 |  881.0 |
               +--------+--------+--------+--------+--------+-----+--------+

Top non-repeatable levels by time:
     D:4: 1390 daAuts
     D:3: 1177 daAuts
     D:5: 1128 daAuts
     D:2: 983 daAuts
   Sewer: 881 daAuts
     D:1: 595 daAuts
     D:6: 413 daAuts
